Workbook

Sheet ORÇAMENTO
A1: BOLETIM DE MEDIÇÃO - BM4
A2: Obra: Proinfância - Tipo 1
A3: Município: Ipameri - Goiás
A4: Elaborado em: 21/09/2020
A5: EMPRESA: VIVA Engenharia LTDA CNPJ: 03.188.338/0001-07
A6: Edificação principal do Proinfância 1
A8: ITEM | B8: DESCRIÇÃO DOS SERVIÇOS | C8: UNID. | D8: QUANT. | E8: PR. UNIT.(R$) COM BDI | F8: PR. TOTAL (R$) COM BDI | G8: QUANTIDADE | I8: FINACEIRO | K8: (%)
G9: Medido no Período | H9: Acumulado incluindo o Período | I9: Medido no Período | J9: Acumulado incluindo o Período | K9: Medido no Período | L9: Acumulado incluindo o Período
A10: 1 | B10: SERVIÇOS PRELIMINARES
A11: 1.1 | B11: Placa de obra na chapa 26 pintada | C11: m² | D11: 6 | E11: 112.44375 | F11: 674.6625 | G11: =K11*D11 -> 0 | H11: =D11*L11 -> 6 | I11: =F11*K11 -> 0 | J11: =F11*L11 -> 674.6625 | L11: 1
A12: 1.2 | B12: Instalação provisória de água | C12: un | D12: 1 | E12: 1126.4115 | F12: 1126.4115 | G12: =K12*D12 -> 0 | H12: =D12*L11 -> 1 | I12: =F12*K12 -> 0 | J12: =F12*L11 -> 1126.4115 | L12: 1
A13: 1.3 | B13: Instalação provisória de energia elétrica em baixa tensão | C13: un | D13: 1 | E13: 1887.6807 | F13: 1887.6807 | G13: =K13*D13 -> 0 | H13: =D13*L12 -> 1 | I13: =F13*K13 -> 0 | J13: =F13*L12 -> 1887.6807 | L13: 1
A14: 1.4 | B14: Instalações provisórias de esgoto | C14: un | D14: 1 | E14: 257.37125 | F14: 257.37125 | G14: =K14*D14 -> 0 | H14: =D14*L13 -> 1 | I14: =F14*K14 -> 0 | J14: =F14*L13 -> 257.37125 | L14: 1
A15: 1.5 | B15: Barracão para obras de médio porte reaproveitamento 2 vezes | C15: m² | D15: 40 | E15: 177.52369 | F15: 7100.9478 | G15: =K15*D15 -> 0 | H15: =D15*L14 -> 40 | I15: =F15*K15 -> 0 | J15: =F15*L14 -> 7100.9478 | L15: 1
A16: 1.6 | B16: LOCACAO CONVENCIONAL DE OBRA, ATRAVÉS DE GABARITO DE TABUAS CORRIDAS P M2 CR 3,49 ONTALETADAS, COM REAPROVEITAMENTO DE 10 VEZES. | C16: m² | D16: 1510.23 | E16: 4.3603188 | F16: 6585.0842 | G16: =K16*D16 -> 0 | H16: =D16*L15 -> 1510.23 | I16: =F16*K16 -> 0 | J16: =F16*L15 -> 6585.0842 | L16: 1
A17: 1.7 | B17: SONDAGEM À PERCUSSÃO P/RECONHECIMENTO DO SUBSOLO | C17: m | D17: 56 | E17: 68.115925 | F17: 3814.4918 | G17: =K17*D17 -> 0 | H17: =D17*L16 -> 56 | I17: =F17*K17 -> 0 | J17: =F17*L16 -> 3814.4918 | L17: 1
A18: 1.8 | B18: TAPUME DE CHAPA DE MADEIRA COMPENSADA, E= 6MM, COM PINTURA A CAL E REAPROVEITAMENTO DE 2X | C18: m² | D18: 80 | E18: 53.223375 | F18: 4257.87 | G18: =K18*D18 -> 0 | H18: =D18*L17 -> 80 | I18: =F18*K18 -> 0 | J18: =F18*L17 -> 4257.87 | L18: 1
E19: 25704.52
A21: 2 | B21: MOVIMENTO DE TERRAS PARA FUNDAÇÕES
A22: 2.1 | B22: EDIFICAÇÃO
A23: 2.1.1 | B23: ATERRO C/COMPACTAÇÃO MANUAL S/CONTROLE, MAT. PRODUZIDO (S/TRANSP.) | C23: m³ | D23: 270.4 | E23: 24.250369 | F23: 6557.2997 | G23: =K23*D23 -> 0 | H23: =D23*L23 -> 270.4 | I23: =F23*K23 -> 0 | J23: =F23*L23 -> 6557.2997 | L23: 1
A24: 2.1.2 | B24: ESCAVAÇÃO MANUAL SOLO DE 1A.CAT. PROF. ATÉ 1.50m | C24: m³ | D24: 142.17 | E24: 30.209888 | F24: 4294.9397 | G24: =K24*D24 -> 0 | H24: =D24*L24 -> 142.17 | I24: =F24*K24 -> 0 | J24: =F24*L24 -> 4294.9397 | L24: 1
A25: 2.1.3 | B25: Nivelamento de Fundo de Valas | C25: m² | D25: 263.11 | E25: 4.4852562 | F25: 1180.1158 | G25: =K25*D25 -> 0 | H25: =D25*L25 -> 263.11 | I25: =F25*K25 -> 0 | J25: =F25*L25 -> 1180.1158 | L25: 1
A26: 2.1.4 | B26: REATERRO C/COMPACTAÇÃO MANUAL S/CONTROLE, MATERIAL DA VALA | C26: m³ | D26: 56.39 | E26: 19.377806 | F26: 1092.7145 | G26: =K26*D26 -> 0 | H26: =D26*L26 -> 56.39 | I26: =F26*K26 -> 0 | J26: =F26*L26 -> 1092.7145 | L26: 1
A27: 2.2 | B27: MURETA
A28: 2.2.1 | B28: ESCAVAÇAO MANUAL DE VALAS PROF.1 A 2 M | C28: m³ | D28: 11.26 | E28: 41.116931 | F28: 462.97665 | G28: =K28*D28 -> 0 | H28: =D28*L28 -> 0 | I28: =F28*K28 -> 0 | J28: =F28*L28 -> 0
A29: 2.2.2 | B29: PREPARO DE FUNDO DE VALA COM LARGURA MENOR QUE 1,5 M, EM LOCAL COM NÍVEL BAIXO DE INTERFERÊNCIA. AF_06/2016 | C29: m² | D29: 17.74 | E29: 4.69765 | F29: 83.336311 | G29: =K29*D29 -> 0 | H29: =D29*L29 -> 0 | I29: =F29*K29 -> 0 | J29: =F29*L29 -> 0
A30: 2.2.3 | B30: REATERRO DE VALA COM COMPACTAÇÃO MANUAL | C30: m³ | D30: 6.39 | E30: 43.47825 | F30: 277.82602 | G30: =K30*D30 -> 0 | H30: =D30*L30 -> 0 | I30: =F30*K30 -> 0 | J30: =F30*L30 -> 0
A31: 2.3 | B31: CASTELO D'ÁGUA
A32: 2.3.1 | B32: ESCAVAÇÃO MANUAL SOLO DE 1A.CAT. PROF. ATÉ 1.50m | C32: m³ | D32: 5.78 | E32: 30.209888 | F32: 174.61315 | G32: =K32*D32 -> 0 | H32: =D32*L32 -> 5.78 | I32: =F32*K32 -> 0 | J32: =F32*L32 -> 174.61315 | L32: 1
A33: 2.3.2 | B33: Nivelamento de Fundo de Valas | C33: m² | D33: 12.96 | E33: 4.4852562 | F33: 58.128921 | G33: =K33*D33 -> 0 | H33: =D33*L33 -> 12.96 | I33: =F33*K33 -> 0 | J33: =F33*L33 -> 58.128921 | L33: 1
A34: 2.3.3 | B34: REATERRO DE VALA COM COMPACTAÇÃO MANUAL | C34: m³ | D34: 1.06 | E34: 43.47825 | F34: 46.086945 | G34: =K34*D34 -> 0 | H34: =D34*L34 -> 1.06 | I34: =F34*K34 -> 0 | J34: =F34*L34 -> 46.086945 | L34: 1
E35: 14228.038
A37: 3 | B37: FUNDAÇÕES
A38: 3.1 | B38: CONCRETO ARMADO PARA FUNDAÇÕES - BLOCOS
A39: 3.1.1 | B39: Estaca a trado (broca) d=20 cm com concreto fck=15 Mpa (sem armação) | C39: m | D39: 399 | E39: 45.389794 | F39: 18110.528 | G39: =K39*D39 -> 0 | H39: =D39*L39 -> 399 | I39: =F39*K39 -> 0 | J39: =F39*L39 -> 18110.528 | L39: 1
A40: 3.1.2 | B40: LASTRO DE CONCRETO, E = 3 CM, PREPARO MECÂNICO, INCLUSOS LANÇAMENTO E ADENSAMENTO. AF_07_2016 | C40: m² | D40: 73.61 | E40: 13.418288 | F40: 987.72014 | G40: =K40*D40 -> 0 | H40: =D40*L40 -> 73.61 | I40: =F40*K40 -> 0 | J40: =F40*L40 -> 987.72014 | L40: 1
A41: 3.1.3 | B41: Forma de madeira comum para Fundações - reaproveitamento 10X | C41: m² | D41: 133.93 | E41: 29.68515 | F41: 3975.7321 | G41: =K41*D41 -> 0 | H41: =D41*L41 -> 133.93 | I41: =F41*K41 -> 0 | J41: =F41*L41 -> 3975.7321 | L41: 1
A42: 3.1.4 | B42: ARMADURA CA-50A MÉDIA D= 6,3 A 10,0mm | C42: kg | D42: 654.18 | E42: 8.3333313 | F42: 5451.4986 | G42: =K42*D42 -> 0 | H42: =D42*L42 -> 654.18 | I42: =F42*K42 -> 0 | J42: =F42*L42 -> 5451.4986 | L42: 1
A43: 3.1.5 | B43: ARMADURA CA-60 FINA D=3,40 A 6,40mm | C43: kg | D43: 383.55 | E43: 8.29585 | F43: 3181.8733 | G43: =K43*D43 -> 0 | H43: =D43*L43 -> 383.55 | I43: =F43*K43 -> 0 | J43: =F43*L43 -> 3181.8733 | L43: 1
A44: 3.1.6 | B44: PREPARO COM BETONEIRA E TRANSPORTE MANUAL DE CONCRETO FCK=25 MPA | C44: m³ | D44: 32.38 | E44: 381.53414 | F44: 12354.075 | G44: =K44*D44 -> 0 | H44: =D44*L44 -> 32.38 | I44: =F44*K44 -> 0 | J44: =F44*L44 -> 12354.075 | L44: 1
A45: 3.1.7 | B45: LANÇAMENTO/APLICAÇÃO/ADENSAMENTO DE CONCRETO EM FUNDAÇÃO- (O.C.) | C45: m³ | D45: 32.38 | E45: 37.718631 | F45: 1221.3293 | G45: =K45*D45 -> 0 | H45: =D45*L45 -> 32.38 | I45: =F45*K45 -> 0 | J45: =F45*L45 -> 1221.3293 | L45: 1
A46: 3.2 | B46: CONCRETO ARMADO PARA FUNDAÇÕES - VIGAS BALDRAMES
A47: 3.2.1 | B47: Forma de madeira comum para Fundações - reaproveitamento 10X | C47: m² | D47: 707.67 | E47: 29.68515 | F47: 21007.29 | G47: =K47*D47 -> 0 | H47: =D47*L47 -> 707.67 | I47: =F47*K47 -> 0 | J47: =F47*L47 -> 21007.29 | L47: 1
A48: 3.2.2 | B48: ARMADURA CA-50A MÉDIA D= 6,3 A 10,0mm | C48: kg | D48: 1248.55 | E48: 8.3333313 | F48: 10404.581 | G48: =K48*D48 -> 0 | H48: =D48*L48 -> 1248.55 | I48: =F48*K48 -> 0 | J48: =F48*L48 -> 10404.581 | L48: 1
A49: 3.2.3 | B49: ARMADURA CA-60 FINA D=3,40 A 6,40mm | C49: kg | D49: 645.82 | E49: 8.29585 | F49: 5357.6258 | G49: =K49*D49 -> 0 | H49: =D49*L49 -> 645.82 | I49: =F49*K49 -> 0 | J49: =F49*L49 -> 5357.6258 | L49: 1
A50: 3.2.4 | B50: PREPARO COM BETONEIRA E TRANSPORTE MANUAL DE CONCRETO FCK=25 MPA | C50: m³ | D50: 40.93 | E50: 381.53414 | F50: 15616.192 | G50: =K50*D50 -> 0 | H50: =D50*L50 -> 40.93 | I50: =F50*K50 -> 0 | J50: =F50*L50 -> 15616.192 | L50: 1
A51: 3.2.5 | B51: LANÇAMENTO/APLICAÇÃO/ADENSAMENTO DE CONCRETO EM FUNDAÇÃO- (O.C.) | C51: m³ | D51: 40.93 | E51: 37.718631 | F51: 1543.8236 | G51: =K51*D51 -> 0 | H51: =D51*L51 -> 40.93 | I51: =F51*K51 -> 0 | J51: =F51*L51 -> 1543.8236 | L51: 1
A52: 3.3 | B52: FUNDAÇÃO DO CASTELO D'ÁGUA
A53: 3.3.1 | B53: ESTACA A TRADO DIAM.30 CM SEM FERRO | C53: m | D53: 56 | E53: 56.7716 | F53: 3179.2096 | G53: =K53*D53 -> 0 | H53: =D53*L53 -> 56 | I53: =F53*K53 -> 0 | J53: =F53*L53 -> 3179.2096 | L53: 1
A54: 3.3.2 | B54: Corte e reparo em cabeça de estaca | C54: un | D54: 12 | E54: 41.454262 | F54: 497.45115 | G54: =K54*D54 -> 0 | H54: =D54*L54 -> 12 | I54: =F54*K54 -> 0 | J54: =F54*L54 -> 497.45115 | L54: 1
A55: 3.3.3 | B55: LASTRO DE CONCRETO, E = 3 CM, PREPARO MECÂNICO, INCLUSOS LANÇAMENTO E ADENSAMENTO. AF_07_2016 | C55: m² | D55: 12.96 | E55: 13.418288 | F55: 173.90101 | G55: =K55*D55 -> 0 | H55: =D55*L55 -> 12.96 | I55: =F55*K55 -> 0 | J55: =F55*L55 -> 173.90101 | L55: 1
A56: 3.3.4 | B56: Forma de madeira comum para Fundções - reaproveitamento 10X | C56: m² | D56: 7.2 | E56: 29.68515 | F56: 213.73308 | G56: =K56*D56 -> 0 | H56: =D56*L56 -> 7.2 | I56: =F56*K56 -> 0 | J56: =F56*L56 -> 213.73308 | L56: 1
A57: 3.3.5 | B57: Armação aço CA-50, para 1,0 m³ de concreto | C57: un | D57: 6.48 | E57: 690.06729 | F57: 4471.6361 | G57: =K57*D57 -> 0 | H57: =D57*L57 -> 6.48 | I57: =F57*K57 -> 0 | J57: =F57*L57 -> 4471.6361 | L57: 1
A58: 3.3.6 | B58: PREPARO COM BETONEIRA E TRANSPORTE MANUAL DE CONCRETO FCK=25 MPA | C58: m³ | D58: 4.71 | E58: 381.53414 | F58: 1797.0258 | G58: =K58*D58 -> 0 | H58: =D58*L58 -> 4.71 | I58: =F58*K58 -> 0 | J58: =F58*L58 -> 1797.0258 | L58: 1
A59: 3.3.7 | B59: LANÇAMENTO/APLICAÇÃO/ADENSAMENTO DE CONCRETO EM FUNDAÇÃO- (O.C.) | C59: m³ | D59: 4.71 | E59: 37.718631 | F59: 177.65475 | G59: =K59*D59 -> 0 | H59: =D59*L59 -> 4.71 | I59: =F59*K59 -> 0 | J59: =F59*L59 -> 177.65475 | L59: 1
A60: 3.4 | B60: MURETA - BLOCOS
A61: 3.4.1 | B61: ESTACA A TRADO DIAM.30 CM SEM FERRO | C61: m | D61: 52.5 | E61: 56.7716 | F61: 2980.509 | G61: =K61*D61 -> 0 | H61: =D61*L61 -> 0 | I61: =F61*K61 -> 0 | J61: =F61*L61 -> 0
A62: 3.4.2 | B62: LASTRO DE CONCRETO, E = 3 CM, PREPARO MECÂNICO, INCLUSOS LANÇAMENTO E ADENSAMENTO. AF_07_2016 | C62: m² | D62: 27.97 | E62: 13.418288 | F62: 375.3095 | G62: =K62*D62 -> 0 | H62: =D62*L62 -> 0 | I62: =F62*K62 -> 0 | J62: =F62*L62 -> 0
A63: 3.4.3 | B63: Forma de madeira comum para Fundações - reaproveitamento 5X | C63: m² | D63: 21.39 | E63: 37.593694 | F63: 804.12911 | G63: =K63*D63 -> 0 | H63: =D63*L63 -> 0 | I63: =F63*K63 -> 0 | J63: =F63*L63 -> 0
A64: 3.4.4 | B64: ARMADURA CA-50A MÉDIA D= 6,3 A 10,0mm | C64: kg | D64: 34.36 | E64: 8.3333313 | F64: 286.33326 | G64: =K64*D64 -> 0 | H64: =D64*L64 -> 0 | I64: =F64*K64 -> 0 | J64: =F64*L64 -> 0
A65: 3.4.5 | B65: ARMADURA CA-60 FINA D=3,40 A 6,40mm | C65: kg | D65: 37.91 | E65: 8.29585 | F65: 314.49567 | G65: =K65*D65 -> 0 | H65: =D65*L65 -> 0 | I65: =F65*K65 -> 0 | J65: =F65*L65 -> 0
A66: 3.4.6 | B66: PREPARO COM BETONEIRA E TRANSPORTE MANUAL DE CONCRETO FCK=25 MPA | C66: m³ | D66: 2.38 | E66: 381.53414 | F66: 908.05125 | G66: =K66*D66 -> 0 | H66: =D66*L66 -> 0 | I66: =F66*K66 -> 0 | J66: =F66*L66 -> 0
A67: 3.4.7 | B67: LANÇAMENTO/APLICAÇÃO/ADENSAMENTO DE CONCRETO EM FUNDAÇÃO- (O.C.) | C67: m³ | D67: 2.38 | E67: 37.718631 | F67: 89.770342 | G67: =K67*D67 -> 0 | H67: =D67*L67 -> 0 | I67: =F67*K67 -> 0 | J67: =F67*L67 -> 0
A68: 3.5 | B68: MURETA - VIGAS BALDRAME
A69: 3.5.1 | B69: Forma de madeira comum para Fundações - reaproveitamento 10X | C69: m² | D69: 28.49 | E69: 29.68515 | F69: 845.72992 | G69: =K69*D69 -> 0 | H69: =D69*L69 -> 0 | I69: =F69*K69 -> 0 | J69: =F69*L69 -> 0
A70: 3.5.2 | B70: ARMADURA CA-50A MÉDIA D= 6,3 A 10,0mm | C70: kg | D70: 62.91 | E70: 8.3333313 | F70: 524.24987 | G70: =K70*D70 -> 0 | H70: =D70*L70 -> 0 | I70: =F70*K70 -> 0 | J70: =F70*L70 -> 0
A71: 3.5.3 | B71: ARMADURA CA-60 FINA D=3,40 A 6,40mm | C71: kg | D71: 26.82 | E71: 8.29585 | F71: 222.4947 | G71: =K71*D71 -> 0 | H71: =D71*L71 -> 0 | I71: =F71*K71 -> 0 | J71: =F71*L71 -> 0
A72: 3.5.4 | B72: PREPARO COM BETONEIRA E TRANSPORTE MANUAL DE CONCRETO FCK=25 MPA | C72: m³ | D72: 1.52 | E72: 381.53414 | F72: 579.93189 | G72: =K72*D72 -> 0 | H72: =D72*L72 -> 0 | I72: =F72*K72 -> 0 | J72: =F72*L72 -> 0
A73: 3.5.5 | B73: LANÇAMENTO/APLICAÇÃO/ADENSAMENTO DE CONCRETO EM FUNDAÇÃO- (O.C.) | C73: m³ | D73: 1.52 | E73: 37.718631 | F73: 57.33232 | G73: =K73*D73 -> 0 | H73: =D73*L73 -> 0 | I73: =F73*K73 -> 0 | J73: =F73*L73 -> 0
A74: 3.6 | B74: ABRIGO CENTRAL GLP - VIGAS BALDRAME
A75: 3.6.1 | B75: Forma de madeira comum para Fundações - reaproveitamento 10X | C75: m² | D75: 6.53 | E75: 29.68515 | F75: 193.84403 | G75: =K75*D75 -> 0 | H75: =D75*L75 -> 0 | I75: =F75*K75 -> 0 | J75: =F75*L75 -> 0
A76: 3.6.2 | B76: ARMADURA CA-50A MÉDIA D= 6,3 A 10,0mm | C76: kg | D76: 20.2 | E76: 8.3333313 | F76: 168.33329 | G76: =K76*D76 -> 0 | H76: =D76*L76 -> 0 | I76: =F76*K76 -> 0 | J76: =F76*L76 -> 0
A77: 3.6.3 | B77: ARMADURA CA-60 FINA D=3,40 A 6,40mm | C77: kg | D77: 9.3 | E77: 8.29585 | F77: 77.151405 | G77: =K77*D77 -> 0 | H77: =D77*L77 -> 0 | I77: =F77*K77 -> 0 | J77: =F77*L77 -> 0
A78: 3.6.4 | B78: PREPARO COM BETONEIRA E TRANSPORTE MANUAL DE CONCRETO FCK=25 MPA | C78: m³ | D78: 0.43 | E78: 381.53414 | F78: 164.05968 | G78: =K78*D78 -> 0 | H78: =D78*L78 -> 0 | I78: =F78*K78 -> 0 | J78: =F78*L78 -> 0
A79: 3.6.5 | B79: LANÇAMENTO/APLICAÇÃO/ADENSAMENTO DE CONCRETO EM FUNDAÇÃO- (O.C.) | C79: m³ | D79: 0.43 | E79: 37.718631 | F79: 16.219011 | G79: =K79*D79 -> 0 | H79: =D79*L79 -> 0 | I79: =F79*K79 -> 0 | J79: =F79*L79 -> 0
E80: 118330.82
A82: 4 | B82: SUPERESTRUTURA
A83: 4.1 | B83: CONCRETO ARMADO - PILARES
A84: 4.1.1 | B84: FORMA DE TABUA CINTA/PILAR SOBRE/ENTRE ALVENARIA U=8 VEZES | C84: m² | D84: 459.2 | E84: 21.114437 | F84: 9695.7497 | G84: =K84*D84 -> 13.776 | H84: =D84*L84 -> 243.376 | I84: =F84*K84 -> 290.87249 | J84: =F84*L84 -> 5138.7473 | K84: 0.03 | L84: 0.53
A85: 4.1.2 | B85: ARMADURA CA-50A MÉDIA D= 6,3 A 10,0mm | C85: kg | D85: 1730.55 | E85: 8.3333313 | F85: 14421.246 | G85: =K85*D85 -> 51.9165 | H85: =D85*L85 -> 917.1915 | I85: =F85*K85 -> 432.63739 | J85: =F85*L85 -> 7643.2606 | K85: 0.03 | L85: 0.53
A86: 4.1.3 | B86: ARMADURA CA-60 FINA D=3,40 A 6,40mm | C86: kg | D86: 628.91 | E86: 8.29585 | F86: 5217.343 | G86: =K86*D86 -> 18.8673 | H86: =D86*L86 -> 333.3223 | I86: =F86*K86 -> 156.52029 | J86: =F86*L86 -> 2765.1918 | K86: 0.03 | L86: 0.53
A87: 4.1.4 | B87: PREPARO COM BETONEIRA E TRANSPORTE MANUAL DE CONCRETO FCK=25 MPA | C87: m³ | D87: 25.19 | E87: 381.53414 | F87: 9610.8449 | G87: =K87*D87 -> 0.7557 | H87: =D87*L87 -> 13.3507 | I87: =F87*K87 -> 288.32535 | J87: =F87*L87 -> 5093.7478 | K87: 0.03 | L87: 0.53
A88: 4.1.5 | B88: LANÇAMENTO/APLICAÇÃO/ADENSAMENTO DE CONCRETO EM FUNDAÇÃO- (O.C.) | C88: m³ | D88: 25.19 | E88: 37.718631 | F88: 950.13232 | G88: =K88*D88 -> 0.7557 | H88: =D88*L88 -> 13.3507 | I88: =F88*K88 -> 28.50397 | J88: =F88*L88 -> 503.57013 | K88: 0.03 | L88: 0.53
A89: 4.2 | B89: CONCRETO ARMADO - VIGAS
A90: 4.2.1 | B90: FORMA PLANA CHAPA COMPENSADA PLASTIFICADA, ESP.= 12mm UTIL. 5X | C90: m² | D90: 714.44 | E90: 92.866044 | F90: 66347.216 | G90: =K90*D90 -> 21.4332 | H90: =D90*L90 -> 378.6532 | I90: =F90*K90 -> 1990.4165 | J90: =F90*L90 -> 35164.025 | K90: 0.03 | L90: 0.53
A91: 4.2.2 | B91: ARMADURA CA-50A MÉDIA D= 6,3 A 10,0mm | C91: kg | D91: 1152.73 | E91: 8.3333313 | F91: 9606.0809 | G91: =K91*D91 -> 34.5819 | H91: =D91*L91 -> 610.9469 | I91: =F91*K91 -> 288.18243 | J91: =F91*L91 -> 5091.2229 | K91: 0.03 | L91: 0.53
A92: 4.2.3 | B92: ARMADURA CA-60 FINA D=3,40 A 6,40mm | C92: kg | D92: 581.18 | E92: 8.29585 | F92: 4821.3821 | G92: =K92*D92 -> 17.4354 | H92: =D92*L92 -> 308.0254 | I92: =F92*K92 -> 144.64146 | J92: =F92*L92 -> 2555.3325 | K92: 0.03 | L92: 0.53
A93: 4.2.4 | B93: PREPARO COM BETONEIRA E TRANSPORTE MANUAL DE CONCRETO FCK=25 MPA | C93: m³ | D93: 41.19 | E93: 381.53414 | F93: 15715.391 | G93: =K93*D93 -> 1.2357 | H93: =D93*L93 -> 21.8307 | I93: =F93*K93 -> 471.46173 | J93: =F93*L93 -> 8329.1573 | K93: 0.03 | L93: 0.53
A94: 4.2.5 | B94: LANÇAMENTO/APLICAÇÃO/ADENSAMENTO DE CONCRETO EM FUNDAÇÃO- (O.C.) | C94: m³ | D94: 41.19 | E94: 37.718631 | F94: 1553.6304 | G94: =K94*D94 -> 1.2357 | H94: =D94*L94 -> 21.8307 | I94: =F94*K94 -> 46.608913 | J94: =F94*L94 -> 823.42412 | K94: 0.03 | L94: 0.53
A95: 4.3 | B95: CONCRETO ARMADO PARA VERGAS
A96: 4.3.1 | B96: FNDE: Verga e contravergas pré-moldada em concreto armado fck 15Mpa - 10x10cm, conforme projeto. SINAPI: VERGA PRÉ-MOLDADA PARA JANELAS COM MAIS DE 1,5 M DE VÃO. | C96: m | D96: 262.1 | E96: 35.232375 | F96: 9234.4055 | G96: =K96*D96 -> 0 | H96: =D96*L96 -> 131.05 | I96: =F96*K96 -> 0 | J96: =F96*L96 -> 4617.2027 | L96: 0.5
A97: 4.4 | B97: CONCRETO ARMADO - MURETA - PILARES
A98: 4.4.1 | B98: FORMA PLANA CHAPA COMPENSADA PLASTIFICADA, ESP.= 12mm UTIL. 5X | C98: m² | D98: 17.29 | E98: 92.866044 | F98: 1605.6539 | G98: =K98*D98 -> 0 | H98: =D98*L98 -> 0 | I98: =F98*K98 -> 0 | J98: =F98*L98 -> 0
A99: 4.4.2 | B99: ARMADURA CA-50A MÉDIA D= 6,3 A 10,0mm | C99: kg | D99: 48.82 | E99: 8.3333313 | F99: 406.83323 | G99: =K99*D99 -> 0 | H99: =D99*L99 -> 0 | I99: =F99*K99 -> 0 | J99: =F99*L99 -> 0
A100: 4.4.3 | B100: ARMADURA CA-60 FINA D=3,40 A 6,40mm | C100: kg | D100: 20.36 | E100: 8.29585 | F100: 168.90351 | G100: =K100*D100 -> 0 | H100: =D100*L100 -> 0 | I100: =F100*K100 -> 0 | J100: =F100*L100 -> 0
A101: 4.4.4 | B101: PREPARO COM BETONEIRA E TRANSPORTE MANUAL DE CONCRETO FCK=25 MPA | C101: m³ | D101: 0.8 | E101: 381.53414 | F101: 305.22731 | G101: =K101*D101 -> 0 | H101: =D101*L101 -> 0 | I101: =F101*K101 -> 0 | J101: =F101*L101 -> 0
A102: 4.4.5 | B102: LANÇAMENTO/APLICAÇÃO/ADENSAMENTO DE CONCRETO EM FUNDAÇÃO- (O.C.) | C102: m³ | D102: 0.8 | E102: 37.718631 | F102: 30.174905 | G102: =K102*D102 -> 0 | H102: =D102*L102 -> 0 | I102: =F102*K102 -> 0 | J102: =F102*L102 -> 0
A103: 4.5 | B103: ABRIGO CENTRAL GLP - VIGAS
A104: 4.5.1 | B104: Forma de madeira comum para Fundações - reaproveitamento 10X | C104: m² | D104: 4.83 | E104: 29.68515 | F104: 143.37927 | G104: =K104*D104 -> 0 | H104: =D104*L104 -> 0 | I104: =F104*K104 -> 0 | J104: =F104*L104 -> 0
...

Sheet MEMORIAL DE CALCULO
A1: MEMORIAL DE CÁLCULO
A2: Obra: Proinfância - Tipo 1
A3: Município: Ipameri - Goiás
A4: =ORÇAMENTO!A4 -> Elaborado em: 21/09/2020
A5: EMPRESA: VIVA Engenharia LTDA CNPJ: 03.188.338/0001-07
A6: Edificação principal do Proinfância 1
B8: DESCRIÇÃO DOS SERVIÇOS | C8: UNID. | D8: QUANT. TOTAL | E8: QUANTIDADE | F8: (%) | G8: MEMORIAL DE CÁLCULO
A10: 1 | B10: SERVIÇOS PRELIMINARES
A11: 1.1 | B11: Placa de obra na chapa 26 pintada | C11: m² | D11: 6 | E11: 6 | F11: 1 | G11: =D11 -> 6 | H11: * | I11: =F11 -> 1 | J11: = | K11: =I11*G11 -> 6
A12: 1.2 | B12: Instalação provisória de água | C12: un | D12: 1 | E12: 1 | F12: 0 | G12: =D12 -> 1 | H12: * | I12: =F12 -> 0 | J12: = | K12: =I12*G12 -> 0
A13: 1.3 | B13: Instalação provisória de energia elétrica em baixa tensão | C13: un | D13: 1 | E13: 1 | F13: 0 | G13: =D13 -> 1 | H13: * | I13: =F13 -> 0 | J13: = | K13: =I13*G13 -> 0
A14: 1.4 | B14: Instalações provisórias de esgoto | C14: un | D14: 1 | E14: 1 | F14: 0 | G14: =D14 -> 1 | H14: * | I14: =F14 -> 0 | J14: = | K14: =I14*G14 -> 0
A15: 1.5 | B15: Barracão para obras de médio porte reaproveitamento 2 vezes | C15: m² | D15: 40 | E15: 40 | F15: 1 | G15: =D15 -> 40 | H15: * | I15: =F15 -> 1 | J15: = | K15: =I15*G15 -> 40
A16: 1.6 | B16: LOCACAO CONVENCIONAL DE OBRA, ATRAVÉS DE GABARITO DE TABUAS CORRIDAS P M2 CR 3,49 ONTALETADAS, COM REAPROVEITAMENTO DE 10 VEZES. | C16: m² | D16: 1510.23 | E16: 1510.23 | F16: 0 | G16: =D16 -> 1510.23 | H16: * | I16: =F16 -> 0 | J16: = | K16: =I16*G16 -> 0
A17: 1.7 | B17: SONDAGEM À PERCUSSÃO P/RECONHECIMENTO DO SUBSOLO | C17: m | D17: 56 | E17: 56 | F17: 0 | G17: =D17 -> 56 | H17: * | I17: =F17 -> 0 | J17: = | K17: =I17*G17 -> 0
A18: 1.8 | B18: TAPUME DE CHAPA DE MADEIRA COMPENSADA, E= 6MM, COM PINTURA A CAL E REAPROVEITAMENTO DE 2X | C18: m² | D18: 80 | E18: 80 | F18: 0 | G18: =D18 -> 80 | H18: * | I18: =F18 -> 0 | J18: = | K18: =I18*G18 -> 0
A21: 2 | B21: MOVIMENTO DE TERRAS PARA FUNDAÇÕES
A22: 2.1 | B22: EDIFICAÇÃO
A23: 2.1.1 | B23: ATERRO C/COMPACTAÇÃO MANUAL S/CONTROLE, MAT. PRODUZIDO (S/TRANSP.) | C23: m³ | D23: 270.4 | E23: 270.4 | F23: 0 | G23: =D23 -> 270.4 | H23: * | I23: =F23 -> 0 | J23: = | K23: =I23*G23 -> 0
A24: 2.1.2 | B24: ESCAVAÇÃO MANUAL SOLO DE 1A.CAT. PROF. ATÉ 1.50m | C24: m³ | D24: 142.17 | E24: 142.17 | F24: 0 | G24: =D24 -> 142.17 | H24: * | I24: =F24 -> 0 | J24: = | K24: =I24*G24 -> 0
A25: 2.1.3 | B25: Nivelamento de Fundo de Valas | C25: m² | D25: 263.11 | E25: 263.11 | F25: 0 | G25: =D25 -> 263.11 | H25: * | I25: =F25 -> 0 | J25: = | K25: =I25*G25 -> 0
A26: 2.1.4 | B26: REATERRO C/COMPACTAÇÃO MANUAL S/CONTROLE, MATERIAL DA VALA | C26: m³ | D26: 56.39 | E26: 56.39 | F26: 0 | G26: =D26 -> 56.39 | H26: * | I26: =F26 -> 0 | J26: = | K26: =I26*G26 -> 0
A27: 2.2 | B27: MURETA
A28: 2.2.1 | B28: ESCAVAÇAO MANUAL DE VALAS PROF.1 A 2 M | C28: m³ | D28: 11.26 | E28: 0 | F28: 1 | G28: =D28 -> 11.26 | H28: * | I28: =F28 -> 1 | J28: = | K28: =I28*G28 -> 11.26
A29: 2.2.2 | B29: PREPARO DE FUNDO DE VALA COM LARGURA MENOR QUE 1,5 M, EM LOCAL COM NÍVEL BAIXO DE INTERFERÊNCIA. AF_06/2016 | C29: m² | D29: 17.74 | E29: 0 | F29: 1 | G29: =D29 -> 17.74 | H29: * | I29: =F29 -> 1 | J29: = | K29: =I29*G29 -> 17.74
A30: 2.2.3 | B30: REATERRO DE VALA COM COMPACTAÇÃO MANUAL | C30: m³ | D30: 6.39 | E30: 0 | F30: 1 | G30: =D30 -> 6.39 | H30: * | I30: =F30 -> 1 | J30: = | K30: =I30*G30 -> 6.39
A31: 2.3 | B31: CASTELO D'ÁGUA
A32: 2.3.1 | B32: ESCAVAÇÃO MANUAL SOLO DE 1A.CAT. PROF. ATÉ 1.50m | C32: m³ | D32: 5.78 | E32: 5.78 | F32: 0 | G32: =D32 -> 5.78 | H32: * | I32: =F32 -> 0 | J32: = | K32: =I32*G32 -> 0
A33: 2.3.2 | B33: Nivelamento de Fundo de Valas | C33: m² | D33: 12.96 | E33: 12.96 | F33: 0 | G33: =D33 -> 12.96 | H33: * | I33: =F33 -> 0 | J33: = | K33: =I33*G33 -> 0
A34: 2.3.3 | B34: REATERRO DE VALA COM COMPACTAÇÃO MANUAL | C34: m³ | D34: 1.06 | E34: 1.06 | F34: 0 | G34: =D34 -> 1.06 | H34: * | I34: =F34 -> 0 | J34: = | K34: =I34*G34 -> 0
A37: 3 | B37: FUNDAÇÕES
A38: 3.1 | B38: CONCRETO ARMADO PARA FUNDAÇÕES - BLOCOS
A39: 3.1.1 | B39: Estaca a trado (broca) d=20 cm com concreto fck=15 Mpa (sem armação) | C39: m | D39: 399 | E39: 399 | F39: 0 | G39: =D39 -> 399 | H39: * | I39: =F39 -> 0 | J39: = | K39: =I39*G39 -> 0
A40: 3.1.2 | B40: LASTRO DE CONCRETO, E = 3 CM, PREPARO MECÂNICO, INCLUSOS LANÇAMENTO E ADENSAMENTO. AF_07_2016 | C40: m² | D40: 73.61 | E40: 73.61 | F40: 0 | G40: =D40 -> 73.61 | H40: * | I40: =F40 -> 0 | J40: = | K40: =I40*G40 -> 0
A41: 3.1.3 | B41: Forma de madeira comum para Fundações - reaproveitamento 10X | C41: m² | D41: 133.93 | E41: 133.93 | F41: 0 | G41: =D41 -> 133.93 | H41: * | I41: =F41 -> 0 | J41: = | K41: =I41*G41 -> 0
A42: 3.1.4 | B42: ARMADURA CA-50A MÉDIA D= 6,3 A 10,0mm | C42: kg | D42: 654.18 | E42: 654.18 | F42: 0 | G42: =D42 -> 654.18 | H42: * | I42: =F42 -> 0 | J42: = | K42: =I42*G42 -> 0
A43: 3.1.5 | B43: ARMADURA CA-60 FINA D=3,40 A 6,40mm | C43: kg | D43: 383.55 | E43: 383.55 | F43: 0 | G43: =D43 -> 383.55 | H43: * | I43: =F43 -> 0 | J43: = | K43: =I43*G43 -> 0
A44: 3.1.6 | B44: PREPARO COM BETONEIRA E TRANSPORTE MANUAL DE CONCRETO FCK=25 MPA | C44: m³ | D44: 32.38 | E44: 32.38 | F44: 0 | G44: =D44 -> 32.38 | H44: * | I44: =F44 -> 0 | J44: = | K44: =I44*G44 -> 0
A45: 3.1.7 | B45: LANÇAMENTO/APLICAÇÃO/ADENSAMENTO DE CONCRETO EM FUNDAÇÃO- (O.C.) | C45: m³ | D45: 32.38 | E45: 32.38 | F45: 0 | G45: =D45 -> 32.38 | H45: * | I45: =F45 -> 0 | J45: = | K45: =I45*G45 -> 0
A46: 3.2 | B46: CONCRETO ARMADO PARA FUNDAÇÕES - VIGAS BALDRAMES | F46: 0
A47: 3.2.1 | B47: Forma de madeira comum para Fundações - reaproveitamento 10X | C47: m² | D47: 707.67 | E47: =D47*F47 -> 0 | F47: 0 | G47: =D47 -> 707.67 | H47: * | I47: 0.5 | J47: =
A48: 3.2.2 | B48: ARMADURA CA-50A MÉDIA D= 6,3 A 10,0mm | C48: kg | D48: 1248.55 | E48: =D48*F48 -> 0 | F48: 0 | G48: =D48 -> 1248.55 | H48: * | I48: 0.5 | J48: =
A49: 3.2.3 | B49: ARMADURA CA-60 FINA D=3,40 A 6,40mm | C49: kg | D49: 645.82 | E49: =D49*F49 -> 0 | F49: 0 | G49: =D49 -> 645.82 | H49: * | I49: 0.5 | J49: =
A50: 3.2.4 | B50: PREPARO COM BETONEIRA E TRANSPORTE MANUAL DE CONCRETO FCK=25 MPA | C50: m³ | D50: 40.93 | E50: =D50*F50 -> 0 | F50: 0 | G50: =D50 -> 40.93 | H50: * | I50: 0.5 | J50: =
A51: 3.2.5 | B51: LANÇAMENTO/APLICAÇÃO/ADENSAMENTO DE CONCRETO EM FUNDAÇÃO- (O.C.) | C51: m³ | D51: 40.93 | E51: =D51*F51 -> 0 | F51: 0 | G51: =D51 -> 40.93 | H51: * | I51: 0.5 | J51: =
A52: 3.3 | B52: FUNDAÇÃO DO CASTELO D'ÁGUA | F52: 0
A53: 3.3.1 | B53: ESTACA A TRADO DIAM.30 CM SEM FERRO | C53: m | D53: 56 | E53: 56 | F53: 0 | G53: =D53 -> 56 | H53: * | I53: =F53 -> 0 | J53: = | K53: =I53*G53 -> 0
A54: 3.3.2 | B54: Corte e reparo em cabeça de estaca | C54: un | D54: 12 | E54: 12 | F54: 0 | G54: =D54 -> 12 | H54: * | I54: =F54 -> 0 | J54: = | K54: =I54*G54 -> 0
A55: 3.3.3 | B55: LASTRO DE CONCRETO, E = 3 CM, PREPARO MECÂNICO, INCLUSOS LANÇAMENTO E ADENSAMENTO. AF_07_2016 | C55: m² | D55: 12.96 | E55: 12.96 | F55: 0 | G55: =D55 -> 12.96 | H55: * | I55: =F55 -> 0 | J55: = | K55: =I55*G55 -> 0
A56: 3.3.4 | B56: Forma de madeira comum para Fundções - reaproveitamento 10X | C56: m² | D56: 7.2 | E56: 7.2 | F56: 0 | G56: =D56 -> 7.2 | H56: * | I56: =F56 -> 0 | J56: = | K56: =I56*G56 -> 0
A57: 3.3.5 | B57: Armação aço CA-50, para 1,0 m³ de concreto | C57: un | D57: 6.48 | E57: 6.48 | F57: 0 | G57: =D57 -> 6.48 | H57: * | I57: =F57 -> 0 | J57: = | K57: =I57*G57 -> 0
A58: 3.3.6 | B58: PREPARO COM BETONEIRA E TRANSPORTE MANUAL DE CONCRETO FCK=25 MPA | C58: m³ | D58: 4.71 | E58: 4.71 | F58: 0 | G58: =D58 -> 4.71 | H58: * | I58: =F58 -> 0 | J58: = | K58: =I58*G58 -> 0
A59: 3.3.7 | B59: LANÇAMENTO/APLICAÇÃO/ADENSAMENTO DE CONCRETO EM FUNDAÇÃO- (O.C.) | C59: m³ | D59: 4.71 | E59: 4.71 | F59: 0 | G59: =D59 -> 4.71 | H59: * | I59: =F59 -> 0 | J59: = | K59: =I59*G59 -> 0
A60: 3.4 | B60: MURETA - BLOCOS
A61: 3.4.1 | B61: ESTACA A TRADO DIAM.30 CM SEM FERRO | C61: m | D61: 52.5 | E61: 0 | F61: 1 | G61: =D61 -> 52.5 | H61: * | I61: =F61 -> 1 | K61: =I61*G61 -> 52.5
A62: 3.4.2 | B62: LASTRO DE CONCRETO, E = 3 CM, PREPARO MECÂNICO, INCLUSOS LANÇAMENTO E ADENSAMENTO. AF_07_2016 | C62: m² | D62: 27.97 | E62: 0 | F62: 1 | G62: =D62 -> 27.97 | H62: * | I62: =F62 -> 1 | J62: = | K62: =I62*G62 -> 27.97
A63: 3.4.3 | B63: Forma de madeira comum para Fundações - reaproveitamento 5X | C63: m² | D63: 21.39 | E63: 0 | F63: 1 | G63: =D63 -> 21.39 | H63: * | I63: =F63 -> 1 | J63: = | K63: =I63*G63 -> 21.39
A64: 3.4.4 | B64: ARMADURA CA-50A MÉDIA D= 6,3 A 10,0mm | C64: kg | D64: 34.36 | E64: 0 | F64: 1 | G64: =D64 -> 34.36 | H64: * | I64: =F64 -> 1 | J64: = | K64: =I64*G64 -> 34.36
A65: 3.4.5 | B65: ARMADURA CA-60 FINA D=3,40 A 6,40mm | C65: kg | D65: 37.91 | E65: 0 | F65: 1 | G65: =D65 -> 37.91 | H65: * | I65: =F65 -> 1 | J65: = | K65: =I65*G65 -> 37.91
A66: 3.4.6 | B66: PREPARO COM BETONEIRA E TRANSPORTE MANUAL DE CONCRETO FCK=25 MPA | C66: m³ | D66: 2.38 | E66: 0 | F66: 1 | G66: =D66 -> 2.38 | H66: * | I66: =F66 -> 1 | J66: = | K66: =I66*G66 -> 2.38
A67: 3.4.7 | B67: LANÇAMENTO/APLICAÇÃO/ADENSAMENTO DE CONCRETO EM FUNDAÇÃO- (O.C.) | C67: m³ | D67: 2.38 | E67: 0 | F67: 1 | G67: =D67 -> 2.38 | H67: * | I67: =F67 -> 1 | J67: = | K67: =I67*G67 -> 2.38
A68: 3.5 | B68: MURETA - VIGAS BALDRAME
A69: 3.5.1 | B69: Forma de madeira comum para Fundações - reaproveitamento 10X | C69: m² | D69: 28.49 | E69: 0 | F69: 1 | G69: =D69 -> 28.49 | H69: * | I69: =F69 -> 1 | J69: = | K69: =I69*G69 -> 28.49
A70: 3.5.2 | B70: ARMADURA CA-50A MÉDIA D= 6,3 A 10,0mm | C70: kg | D70: 62.91 | E70: 0 | F70: 1 | G70: =D70 -> 62.91 | H70: * | I70: =F70 -> 1 | J70: = | K70: =I70*G70 -> 62.91
A71: 3.5.3 | B71: ARMADURA CA-60 FINA D=3,40 A 6,40mm | C71: kg | D71: 26.82 | E71: 0 | F71: 1 | G71: =D71 -> 26.82 | H71: * | I71: =F71 -> 1 | J71: = | K71: =I71*G71 -> 26.82
A72: 3.5.4 | B72: PREPARO COM BETONEIRA E TRANSPORTE MANUAL DE CONCRETO FCK=25 MPA | C72: m³ | D72: 1.52 | E72: 0 | F72: 1 | G72: =D72 -> 1.52 | H72: * | I72: =F72 -> 1 | J72: = | K72: =I72*G72 -> 1.52
A73: 3.5.5 | B73: LANÇAMENTO/APLICAÇÃO/ADENSAMENTO DE CONCRETO EM FUNDAÇÃO- (O.C.) | C73: m³ | D73: 1.52 | E73: 0 | F73: 1 | G73: =D73 -> 1.52 | H73: * | I73: =F73 -> 1 | J73: = | K73: =I73*G73 -> 1.52
A74: 3.6 | B74: ABRIGO CENTRAL GLP - VIGAS BALDRAME
A75: 3.6.1 | B75: Forma de madeira comum para Fundações - reaproveitamento 10X | C75: m² | D75: 6.53 | E75: 0 | F75: 1 | G75: =D75 -> 6.53 | H75: * | I75: =F75 -> 1 | J75: = | K75: =I75*G75 -> 6.53
A76: 3.6.2 | B76: ARMADURA CA-50A MÉDIA D= 6,3 A 10,0mm | C76: kg | D76: 20.2 | E76: 0 | F76: 1 | G76: =D76 -> 20.2 | H76: * | I76: =F76 -> 1 | J76: = | K76: =I76*G76 -> 20.2
A77: 3.6.3 | B77: ARMADURA CA-60 FINA D=3,40 A 6,40mm | C77: kg | D77: 9.3 | E77: 0 | F77: 1 | G77: =D77 -> 9.3 | H77: * | I77: =F77 -> 1 | J77: = | K77: =I77*G77 -> 9.3
A78: 3.6.4 | B78: PREPARO COM BETONEIRA E TRANSPORTE MANUAL DE CONCRETO FCK=25 MPA | C78: m³ | D78: 0.43 | E78: 0 | F78: 1 | G78: =D78 -> 0.43 | H78: * | I78: =F78 -> 1 | J78: = | K78: =I78*G78 -> 0.43
A79: 3.6.5 | B79: LANÇAMENTO/APLICAÇÃO/ADENSAMENTO DE CONCRETO EM FUNDAÇÃO- (O.C.) | C79: m³ | D79: 0.43 | E79: 0 | F79: 1 | G79: =D79 -> 0.43 | H79: * | I79: =F79 -> 1 | J79: = | K79: =I79*G79 -> 0.43
A82: 4 | B82: SUPERESTRUTURA
A83: 4.1 | B83: CONCRETO ARMADO - PILARES
A84: 4.1.1 | B84: FORMA DE TABUA CINTA/PILAR SOBRE/ENTRE ALVENARIA U=8 VEZES | C84: m² | D84: 459.2 | E84: 0 | F84: 0.47 | G84: =D84 -> 459.2 | H84: * | I84: =F84 -> 0.47 | K84: =I84*G84 -> 215.824
A85: 4.1.2 | B85: ARMADURA CA-50A MÉDIA D= 6,3 A 10,0mm | C85: kg | D85: 1730.55 | E85: =F85*D85 -> 813.3585 | F85: 0.47 | G85: =D85 -> 1730.55 | H85: * | I85: =F85 -> 0.47 | J85: = | K85: =I85*G85 -> 813.3585
A86: 4.1.3 | B86: ARMADURA CA-60 FINA D=3,40 A 6,40mm | C86: kg | D86: 628.91 | E86: =F86*D86 -> 295.5877 | F86: 0.47 | G86: =D86 -> 628.91 | H86: * | I86: =F86 -> 0.47 | J86: = | K86: =I86*G86 -> 295.5877
A87: 4.1.4 | B87: PREPARO COM BETONEIRA E TRANSPORTE MANUAL DE CONCRETO FCK=25 MPA | C87: m³ | D87: 25.19 | E87: 0 | F87: 0.47 | G87: =D87 -> 25.19 | H87: * | I87: =F87 -> 0.47 | J87: = | K87: =I87*G87 -> 11.8393
A88: 4.1.5 | B88: LANÇAMENTO/APLICAÇÃO/ADENSAMENTO DE CONCRETO EM FUNDAÇÃO- (O.C.) | C88: m³ | D88: 25.19 | E88: 0 | F88: 0.47 | G88: =D88 -> 25.19 | H88: * | I88: =F88 -> 0.47 | J88: = | K88: =I88*G88 -> 11.8393
A89: 4.2 | B89: CONCRETO ARMADO - VIGAS | F89: 0.47
A90: 4.2.1 | B90: FORMA PLANA CHAPA COMPENSADA PLASTIFICADA, ESP.= 12mm UTIL. 5X | C90: m² | D90: 714.44 | E90: 0 | F90: 0.47 | G90: =D90 -> 714.44 | H90: * | I90: =F90 -> 0.47 | J90: = | K90: =I90*G90 -> 335.7868
A91: 4.2.2 | B91: ARMADURA CA-50A MÉDIA D= 6,3 A 10,0mm | C91: kg | D91: 1152.73 | E91: 0 | F91: 0.47 | G91: =D91 -> 1152.73 | H91: * | I91: =F91 -> 0.47 | J91: = | K91: =I91*G91 -> 541.7831
A92: 4.2.3 | B92: ARMADURA CA-60 FINA D=3,40 A 6,40mm | C92: kg | D92: 581.18 | E92: 0 | F92: 0.47 | G92: =D92 -> 581.18 | H92: * | I92: =F92 -> 0.47 | J92: = | K92: =I92*G92 -> 273.1546
A93: 4.2.4 | B93: PREPARO COM BETONEIRA E TRANSPORTE MANUAL DE CONCRETO FCK=25 MPA | C93: m³ | D93: 41.19 | E93: 0 | F93: 0.47 | G93: =D93 -> 41.19 | H93: * | I93: =F93 -> 0.47 | J93: = | K93: =I93*G93 -> 19.3593
A94: 4.2.5 | B94: LANÇAMENTO/APLICAÇÃO/ADENSAMENTO DE CONCRETO EM FUNDAÇÃO- (O.C.) | C94: m³ | D94: 41.19 | E94: 0 | F94: 0.47 | G94: =D94 -> 41.19 | H94: * | I94: =F94 -> 0.47 | J94: = | K94: =I94*G94 -> 19.3593
A95: 4.3 | B95: CONCRETO ARMADO PARA VERGAS
A96: 4.3.1 | B96: FNDE: Verga e contravergas pré-moldada em concreto armado fck 15Mpa - 10x10cm, conforme projeto. SINAPI: VERGA PRÉ-MOLDADA PARA JANELAS COM MAIS DE 1,5 M DE VÃO. | C96: m | D96: 262.1 | E96: 0 | F96: 0.5 | G96: =D96 -> 262.1 | H96: * | I96: =F96 -> 0.5 | J96: = | K96: =I96*G96 -> 131.05
A97: 4.4 | B97: CONCRETO ARMADO - MURETA - PILARES
A98: 4.4.1 | B98: FORMA PLANA CHAPA COMPENSADA PLASTIFICADA, ESP.= 12mm UTIL. 5X | C98: m² | D98: 17.29 | E98: 0 | F98: 1 | G98: =D98 -> 17.29 | H98: * | I98: =F98 -> 1 | J98: = | K98: =I98*G98 -> 17.29
A99: 4.4.2 | B99: ARMADURA CA-50A MÉDIA D= 6,3 A 10,0mm | C99: kg | D99: 48.82 | E99: 0 | F99: 1 | G99: =D99 -> 48.82 | H99: * | I99: =F99 -> 1 | J99: = | K99: =I99*G99 -> 48.82
A100: 4.4.3 | B100: ARMADURA CA-60 FINA D=3,40 A 6,40mm | C100: kg | D100: 20.36 | E100: 0 | F100: 1 | G100: =D100 -> 20.36 | H100: * | I100: =F100 -> 1 | J100: = | K100: =I100*G100 -> 20.36
A101: 4.4.4 | B101: PREPARO COM BETONEIRA E TRANSPORTE MANUAL DE CONCRETO FCK=25 MPA | C101: m³ | D101: 0.8 | E101: 0 | F101: 1 | G101: =D101 -> 0.8 | H101: * | I101: =F101 -> 1 | J101: = | K101: =I101*G101 -> 0.8
A102: 4.4.5 | B102: LANÇAMENTO/APLICAÇÃO/ADENSAMENTO DE CONCRETO EM FUNDAÇÃO- (O.C.) | C102: m³ | D102: 0.8 | E102: 0 | F102: 1 | G102: =D102 -> 0.8 | H102: * | I102: =F102 -> 1 | J102: = | K102: =I102*G102 -> 0.8
A103: 4.5 | B103: ABRIGO CENTRAL GLP - VIGAS
A104: 4.5.1 | B104: Forma de madeira comum para Fundações - reaproveitamento 10X | C104: m² | D104: 4.83 | E104: 0 | F104: 1 | G104: =D104 -> 4.83 | H104: * | I104: =F104 -> 1 | J104: = | K104: =I104*G104 -> 4.83
A105: 4.5.2 | B105: ARMADURA CA-50A MÉDIA D= 6,3 A 10,0mm | C105: kg | D105: 21.4 | E105: 0 | F105: 1 | G105: =D105 -> 21.4 | H105: * | I105: =F105 -> 1 | J105: = | K105: =I105*G105 -> 21.4
A106: 4.5.3 | B106: ARMADURA CA-60 FINA D=3,40 A 6,40mm | C106: kg | D106: 7.5 | E106: 0 | F106: 1 | G106: =D106 -> 7.5 | H106: * | I106: =F106 -> 1 | J106: = | K106: =I106*G106 -> 7.5
A107: 4.5.4 | B107: PREPARO COM BETONEIRA E TRANSPORTE MANUAL DE CONCRETO FCK=25 MPA | C107: m³ | D107: 0.32 | E107: 0 | F107: 1 | G107: =D107 -> 0.32 | H107: * | I107: =F107 -> 1 | J107: = | K107: =I107*G107 -> 0.32
A108: 4.5.5 | B108: LANÇAMENTO/APLICAÇÃO/ADENSAMENTO DE CONCRETO EM FUNDAÇÃO- (O.C.) | C108: m³ | D108: 0.32 | E108: 0 | F108: 1 | G108: =D108 -> 0.32 | H108: * | I108: =F108 -> 1 | J108: = | K108: =I108*G108 -> 0.32
...

Sheet CRONOGRAMA
A1: CRONOGRAMA FÍSICO FINANCEIRO
A4: Obra: Proinfância - Tipo 1
A5: Município: Ipameri - Goiás
A6: Elaborado em: 03/07/2017
A7: EMPRESA: VIVA Engenharia LTDA CNPJ: 03.188.338/0001-07
A8: Planejamento
A10: ITEM | B10: DESCRIÇÃO DOS SERVIÇOS | C10: VALOR (R$) | D10: % ITEM | E10: 1 | F10: 2 | G10: 3 | H10: 4 | I10: 5 | J10: 6 | K10: 7 | L10: 8 | M10: 9 | N10: 10
A12: 1 | B12: SERVIÇOS PRELIMINARES | C12: =ORÇAMENTO!E19 -> 25704.52 | D12: =(C12/$C$65) -> 0.011404285 | E12: 1
E13: =C12*E12 -> 25704.52
A14: 2 | B14: MOVIMENTO DE TERRAS PARA FUNDAÇÕES | C14: =ORÇAMENTO!E35 -> 14228.038 | D14: =(C14/$C$65) -> 0.006312532 | E14: 0.15 | F14: 0.85
E15: =$C14*E14 -> 2134.2057 | F15: =$C14*F14 -> 12093.832
A16: 3 | B16: FUNDAÇÕES | C16: =ORÇAMENTO!E80 -> 118330.82 | D16: =(C16/$C$65) -> 0.052499658 | F16: 0.7 | G16: 0.3
F17: =C16*F16 -> 82831.577 | G17: =C16*G16 -> 35499.247
A18: 4 | B18: SUPERESTRUTURA | C18: =ORÇAMENTO!E120 -> 151684.87 | D18: =(C18/$C$65) -> 0.067297795 | F18: 0.1 | G18: 0.7 | H18: 0.2
F19: =C18*F18 -> 15168.487 | G19: =C18*G18 -> 106179.41 | H19: =C18*H18 -> 30336.973
A20: 5 | B20: SISTEMA DE VEDAÇÃO VERTICAL INTERNO E EXTERNO (PAREDES) | C20: =ORÇAMENTO!E133 -> 81894.825 | D20: =(C20/$C$65) -> 0.036334153 | G20: 0.15 | H20: 0.4 | I20: 0.45
G21: =$C20*G20 -> 12284.224 | H21: =$C20*H20 -> 32757.93 | I21: =$C20*I20 -> 36852.671
A22: 6 | B22: ESQUADRIAS | C22: =ORÇAMENTO!E186 -> 292382.09 | D22: =(C22/$C$65) -> 0.12972072 | I22: 0.1 | J22: 0.4 | K22: 0.3 | L22: 0.2
H23: =$C22*H22 -> 0 | I23: =$C22*I22 -> 29238.209 | J23: =$C22*J22 -> 116952.84 | K23: =$C22*K22 -> 87714.627 | L23: =$C22*L22 -> 58476.418
A24: 7 | B24: SISTEMAS DE COBERTURA | C24: =ORÇAMENTO!E195 -> 339677.06 | D24: =(C24/$C$65) -> 0.15070401 | G24: 0.25 | H24: 0.35 | I24: 0.25 | J24: 0.15
G25: =$C24*G24 -> 84919.266 | H25: =$C24*H24 -> 118886.97 | I25: =$C24*I24 -> 84919.266 | J25: =J24*C24 -> 50951.559
A26: 8 | B26: IMPERMEABILIZAÇÃO | C26: =ORÇAMENTO!E199 -> 6277.431 | D26: =(C26/$C$65) -> 0.0027850983 | G26: 1
G27: =$C26*G26 -> 6277.431
A28: 9 | B28: REVESTIMENTOS INTERNOS E EXTERNOS | C28: =ORÇAMENTO!E214 -> 272433.91 | D28: =(C28/$C$65) -> 0.12087034 | H28: 0.15 | I28: 0.2 | J28: 0.2 | K28: 0.2 | L28: 0.2 | M28: 0.05
H29: =$C28*H28 -> 40865.087 | I29: =$C28*I28 -> 54486.783 | J29: =$C28*J28 -> 54486.783 | K29: =K28*C28 -> 54486.783 | L29: =L28*C28 -> 54486.783 | M29: =M28*C28 -> 13621.696
A30: 10 | B30: SISTEMAS DE PISOS INTERNOS E EXTERNOS (PAVIMENTAÇÃO) | C30: =ORÇAMENTO!E239 -> 255868.43 | D30: =(C30/$C$65) -> 0.11352076 | H30: 0.15 | I30: 0.15 | J30: 0.25 | K30: 0.2 | L30: 0.25
H31: =$C30*H30 -> 38380.264 | I31: =$C30*I30 -> 38380.264 | J31: =$C30*J30 -> 63967.107 | K31: =K30*C30 -> 51173.686 | L31: =L30*C30 -> 63967.107
A32: 11 | B32: PINTURA | C32: =ORÇAMENTO!E248 -> 78674.493 | D32: =(C32/$C$65) -> 0.034905394 | K32: 0.3 | L32: 0.25 | M32: 0.4 | N32: 0.05
K33: =K32*$C32 -> 23602.348 | L33: =L32*$C32 -> 19668.623 | M33: =M32*$C32 -> 31469.797 | N33: =N32*$C32 -> 3933.7247
A34: 12 | B34: INSTALAÇÃO HIDRÁULICA | C34: =ORÇAMENTO!E332 -> 39234.032 | D34: =(C34/$C$65) -> 0.017406904 | H34: 0.1 | I34: 0.2 | J34: 0.3 | K34: 0.2 | L34: 0.1 | M34: 0.1
H35: =$C34*H34 -> 3923.4032 | I35: =$C34*I34 -> 7846.8064 | J35: =$C34*J34 -> 11770.21 | K35: =K34*C34 -> 7846.8064 | L35: =L34*C34 -> 3923.4032 | M35: =M34*C34 -> 3923.4032
A36: 13 | B36: DRENAGEM DE ÁGUAS PLUVIAIS | C36: =ORÇAMENTO!E346 -> 17419.613 | D36: =(C36/$C$65) -> 0.0077285334 | I36: 0.2 | J36: 0.2 | K36: 0.3 | L36: 0.25 | M36: 0.05
I37: =$C36*I36 -> 3483.9226 | J37: =$C36*J36 -> 3483.9226 | K37: =$C36*K36 -> 5225.8839 | L37: =$C36*L36 -> 4354.9033 | M37: =M36*C36 -> 870.98065
A38: 14 | B38: INSTALAÇÃO SANITÁRIA | C38: =ORÇAMENTO!E389 -> 46833.053 | D38: =(C38/$C$65) -> 0.02077835 | H38: 0.2 | I38: 0.2 | J38: 0.2 | K38: 0.2 | L38: 0.2
H39: =$C38*H38 -> 9366.6106 | I39: =$C38*I38 -> 9366.6106 | J39: =$C38*J38 -> 9366.6106 | K39: =$C38*K38 -> 9366.6106 | L39: =$C38*L38 -> 9366.6106
A40: 15 | B40: LOUÇAS E METAIS | C40: =ORÇAMENTO!E422 -> 61616.889 | D40: =(C40/$C$65) -> 0.027337472 | J40: 0.1 | K40: 0.2 | L40: 0.3 | M40: 0.4
J41: =$C40*J40 -> 6161.6889 | K41: =$C40*K40 -> 12323.378 | L41: =L40*C40 -> 18485.067 | M41: =M40*C40 -> 24646.755
A42: 16 | B42: INSTALAÇÃO DE GÁS COMBUSTÍVEL | C42: =ORÇAMENTO!E445 -> 6001.5297 | D42: =(C42/$C$65) -> 0.0026626896 | H42: 0.3 | I42: 0.3 | L42: 0.2 | M42: 0.2
H43: =$C42*H42 -> 1800.4589 | I43: =$C42*I42 -> 1800.4589 | L43: =L42*C42 -> 1200.3059 | M43: =M42*C42 -> 1200.3059
A44: 17 | B44: SISTEMA DE PROTEÇÃO CONTRA INCÊNDIO | C44: =ORÇAMENTO!E477 -> 35544.809 | D44: =(C44/$C$65) -> 0.015770112 | H44: 0.05 | I44: 0.1 | J44: 0.1 | K44: 0.2 | L44: 0.3 | M44: 0.25
H45: =H44*$C44 -> 1777.2405 | I45: =I44*$C44 -> 3554.4809 | J45: =J44*$C44 -> 3554.4809 | K45: =K44*$C44 -> 7108.9619 | L45: =L44*$C44 -> 10663.443 | M45: =M44*$C44 -> 8886.2023
A46: 18 | B46: INSTALAÇÕES ELÉTRICAS - 220V | C46: =ORÇAMENTO!E567 -> 186457.34 | D46: =(C46/$C$65) -> 0.082725248 | H46: 0.05 | I46: 0.05 | J46: 0.1 | K46: 0.2 | L46: 0.25 | M46: 0.25 | N46: 0.1
H47: =H46*$C46 -> 9322.8672 | I47: =I46*$C46 -> 9322.8672 | J47: =J46*$C46 -> 18645.734 | K47: =K46*$C46 -> 37291.469 | L47: =L46*$C46 -> 46614.336 | M47: =M46*$C46 -> 46614.336 | N47: =N46*C46 -> 18645.734
A48: 19 | B48: INSTALAÇÕES DE CLIMATIZAÇÃO | C48: =ORÇAMENTO!E574 -> 1547.4305 | D48: =(C48/$C$65) -> 0.00068654616 | I48: 0.2 | M48: 0.8
I49: =I48*C48 -> 309.4861 | M49: =M48*C48 -> 1237.9444
A50: 20 | B50: INSTALAÇÕES DE REDE ESTRUTURADA | C50: =ORÇAMENTO!E606 -> 33199.698 | D50: =(C50/$C$65) -> 0.01472966 | K50: 0.2 | L50: 0.3 | M50: 0.3 | N50: 0.2
K51: =K50*$C50 -> 6639.9395 | L51: =L50*$C50 -> 9959.9093 | M51: =M50*$C50 -> 9959.9093 | N51: =N50*$C50 -> 6639.9395
A52: 21 | B52: SISTEMA DE EXAUSTÃO MECÂNICA | C52: =ORÇAMENTO!E610 -> 7065.0407 | D52: =(C52/$C$65) -> 0.0031345359 | N52: 1
N53: =N52*C52 -> 7065.0407
A54: 22 | B54: SISTEMA DE PROTEÇÃO CONTRA DESC. ATMOSFÉRICAS (SPDA) | C54: =ORÇAMENTO!E626 -> 24675.319 | D54: =(C54/$C$65) -> 0.010947661 | F54: 0.15 | G54: 0.1 | K54: 0.3 | L54: 0.2 | M54: 0.15 | N54: 0.1
F55: =F54*C54 -> 3701.2978 | G55: =G54*C54 -> 2467.5319 | K55: =K54*C54 -> 7402.5956 | L55: =L54*C54 -> 4935.0637 | M55: =M54*C54 -> 3701.2978 | N55: =N54*C54 -> 2467.5319
A56: 23 | B56: SERVIÇOS COMPLEMENTARES | C56: =ORÇAMENTO!E637 -> 43442.084 | D56: =(C56/$C$65) -> 0.019273884 | E56: 0.15 | F56: 0.25 | L56: 0.15 | M56: 0.3 | N56: 0.15
E57: =E56*C56 -> 6516.3126 | F57: =F56*C56 -> 10860.521 | L57: =L56*C56 -> 6516.3126 | M57: =M56*C56 -> 13032.625 | N57: =N56*C56 -> 6516.3126
A58: 26 | B58: SERVIÇOS FINAIS | C58: =ORÇAMENTO!E650 -> 3398.0175 | D58: =(C58/$C$65) -> 0.0015075933 | M58: 0.4 | N58: 0.6
M59: =M58*C58 -> 1359.207 | N59: =N58*C58 -> 2038.8105
A60: 24 | B60: CAIXA D'ÁGUA | C60: =ORÇAMENTO!E641 -> 20364.812 | D60: =(C60/$C$65) -> 0.0090352256 | M60: 0.5 | N60: 0.5
M61: =$C$60*M60 -> 10182.406 | N61: =$C$60*N60 -> 10182.406
A62: 25 | B62: ADMINISTRAÇÃO | C62: =ORÇAMENTO!E646 -> 89978.988 | D62: =(C62/$C$65) -> 0.039920842 | E62: 0.1 | F62: 0.1 | G62: 0.1 | H62: 0.1 | I62: 0.1 | J62: 0.1 | K62: 0.1 | L62: 0.1 | M62: 0.1 | N62: 0.1
E63: =$C$62*E62 -> 8997.8988 | F63: =$C$62*F62 -> 8997.8988 | G63: =$C$62*G62 -> 8997.8988 | H63: =$C$62*H62 -> 8997.8988 | I63: =$C$62*I62 -> 8997.8988 | J63: =$C$62*J62 -> 8997.8988 | K63: =$C$62*K62 -> 8997.8988 | L63: =$C$62*L62 -> 8997.8988 | ... N63: =$C$62*N62 -> 8997.8988
A65: Valores totais | C65: =SUM(C12:C62) -> 2253935.2 | D65: =SUM(D12:D62) -> 1 | E65: =E13+E15+E17+E19+E21+E23+E25+E27+E29+E31+E33+E35+E37+E39+E41+E43+E45+E47+E49+E51+E53+E55+E57+E59+E61+E63 -> 43352.937 | F65: =F13+F15+F17+F19+F21+F23+F25+F27+F29+F31+F33+F35+F37+F39+F41+F43+F45+F47+F49+F51+F53+F55+F57+F59+F61+F63 -> 133653.61 | G65: =G13+G15+G17+G19+G21+G23+G25+G27+G29+G31+G33+G35+G37+G39+G41+G43+G45+G47+G49+G51+G53+G55+G57+G59+G61+G63 -> 256625 | H65: =H13+H15+H17+H19+H21+H23+H25+H27+H29+H31+H33+H35+H37+H39+H41+H43+H45+H47+H49+H51+H53+H55+H57+H59+H61+H63 -> 296415.71 | I65: =I13+I15+I17+I19+I21+I23+I25+I27+I29+I31+I33+I35+I37+I39+I41+I43+I45+I47+I49+I51+I53+I55+I57+I59+I61+I63 -> 288559.72 | J65: =J13+J15+J17+J19+J21+J23+J25+J27+J29+J31+J33+J35+J37+J39+J41+J43+J45+J47+J49+J51+J53+J55+J57+J59+J61+J63 -> 348338.83 | K65: =K13+K15+K17+K19+K21+K23+K25+K27+K29+K31+K33+K35+K37+K39+K41+K43+K45+K47+K49+K51+K53+K55+K57+K59+K61+K63 -> 319180.99 | L65: =L13+L15+L17+L19+L21+L23+L25+L27+L29+L31+L33+L35+L37+L39+L41+L43+L45+L47+L49+L51+L53+L55+L57+L59+L61+L63 -> 321616.18 | M65: =M13+M15+M17+M19+M21+M23+M25+M27+M29+M31+M33+M35+M37+M39+M41+M43+M45+M47+M49+M51+M53+M55+M57+M61+M59+M63 -> 179704.77 | N65: =N13+N15+N17+N19+N21+N23+N25+N27+N29+N31+N33+N35+N37+N39+N41+N43+N45+N47+N49+N51+N53+N55+N57+N59+N61+N63 -> 66487.399
A66: ______________________________________________________
A67: LUIZ ANTÔNIO PEREIRA DE OLIVEIRA
A68: CREA 1003785239-D/GO
